 Dungeon Crawl Stone Soup version 0.23.1 (webtiles) character file.

Game seed: 7614909203076800874

60284 Peloso the Peltast (level 14, -3/129 HPs)
             Began as a Minotaur Fighter on Mar 10, 2019.
             Was a High Priest of Okawaru.
             Slain by a blink frog (18 damage)
             ... on level 6 of the Lair of Beasts.
             The game lasted 00:59:13 (18453 turns).

Peloso the Peltast (Minotaur Fighter)              Turns: 18453, Time: 00:59:14

Health: -3/129     AC:  0    Str: 24    XL:     14   Next: 56%
Magic:  12/16      EV: 20    Int:  5    God:    Okawaru [*****.]
Gold:   1448       SH:  6    Dex: 12    Spells: 13/13 levels left

rFire    . . .     SeeInvis .     - Unarmed
rCold    . . .     Gourm    .   (shield currently unavailable)
rNeg     . . .     Faith    .   (armour currently unavailable)
rPois    .         Spirit   .   (helmet currently unavailable)
rElec    .         Reflect  +   (cloak currently unavailable)
rCorr    .         Harm     .   (gloves currently unavailable)
MR       +....                  (boots currently unavailable)
Stlth    +++.......             t - +6 amulet of reflection
HPRegen  0.31/turn              (ring currently unavailable)
MPRegen  0.15/turn              (ring currently unavailable)

@: lethally poisoned (-3 -> -7), pig-form, heroism, slowed
A: small, (retaliatory headbutt)
a: Heroism, Finesse, Renounce Religion


You were on level 6 of the Lair of Beasts.
You worshipped Okawaru.
Okawaru was extremely pleased with you.
You were not hungry.
You were a filthy swine.
You visited 3 branches of the dungeon, and saw 21 of its levels.
You also visited: Ossuary and Gauntlet.

You collected 1448 gold pieces.

Inventory:

Hand Weapons
 a - a +5 demon blade of draining (melded)
Armour
 b - a +0 scale mail
 c - the +0 shield "Ebbeud" (melded) {Slay+4}
   (You took it off a minotaur in a Gauntlet)

   It affects your accuracy and damage with ranged weapons and melee attacks
   (+4).
 s - a +2 pair of gloves of archery (melded)
 C - a scarf of resistance (melded)
 F - a +1 pair of boots of flying (melded)
 N - a +0 hat of intelligence (melded)
 O - a +0 plate armour (melded)
Jewellery
 m - an uncursed ring of see invisible
 n - an uncursed ring of ice
 o - a +3 ring of slaying (melded)
 p - an uncursed ring of protection from fire
 t - a +6 amulet of reflection (around neck)
 w - an uncursed amulet of the gourmand
 S - a +2 ring of strength
Wands
 j - a wand of digging (6)
Scrolls
 e - 5 scrolls of random uselessness {unknown}
 g - a scroll of identify
 h - 5 scrolls of remove curse
 l - a scroll of magic mapping
 r - 6 scrolls of teleportation
 u - 12 scrolls of enchant armour {unknown}
 x - 3 scrolls of fear {unknown}
 y - a scroll of vulnerability {unknown}
 D - 6 scrolls of fog {unknown}
 H - 2 scrolls of noise {unknown}
 K - a scroll of amnesia
 P - a scroll of blinking {unknown}
 X - a scroll of summoning {unknown}
Potions
 d - 4 potions of might
 i - 2 potions of agility
 k - a potion of invisibility
 q - a potion of brilliance
 v - 4 potions of curing
 z - 4 potions of heal wounds
 A - a potion of resistance {unknown}
 G - a potion of mutation
 I - 2 potions of berserk rage
 J - 2 potions of haste
Miscellaneous
 B - a box of beasts
Comestibles
 f - 52 rations
 E - 3 chunks of flesh


   Skills:
 + Level 13.4(18.4) Fighting
 + Level 16.0(21.0) Long Blades
 + Level 12.2(17.2) Armour
 + Level 4.6(9.6) Dodging
 + Level 1.5(6.5) Stealth
 + Level 19.4(24.4) Shields
 + Level 4.1 Invocations
 + Level 1.6 Evocations


You had 13 spell levels left.
You didn't know any spells.
Your spell library contained the following spells:

 Spells                   Type           Power        Failure   Level  Hunger
 Apportation              Tloc           #.....       47%         1    ##.....
 Corona                   Hex            #......      47%         1    ##.....
 Magic Dart               Conj           #...         47%         1    ##.....
 Sandblast                Erth           #.....       47%         1    ##.....
 Summon Butterflies       Summ           #.......     47%         1    ##.....
 Ensorcelled Hibernation  Hex/Ice        #.....       63%         2    ###....
 Passwall                 Tmut/Erth      #.......     63%         2    ###....
 Searing Ray              Conj           #.....       63%         2    ###....
 Confuse                  Hex            #.......     85%         3    ####...
 Dazzling Spray           Conj/Hex       #.....       85%         3    ####...
 Lesser Beckoning         Tloc           #.........   85%         3    ####...
 Stone Arrow              Conj/Erth      #.....       85%         3    ####...
 Tukima's Dance           Hex            #.......     85%         3    ####...
 Force Lance              Conj/Tloc      #.......     99%         4    #####..
 Fulminant Prism          Conj/Hex       #.........   99%         4    #####..
 Iskenderun's Mystic Bla  Conj           #.......     99%         4    #####..
 Petrify                  Tmut/Erth      #.......     99%         4    #####..
 Alistair's Intoxication  Tmut/Pois      #.......     100%        5    ######.
 Lee's Rapid Deconstruct  Erth           #.........   100%        5    ######.
 Invisibility             Hex            #.......     100%        6    #######


Dungeon Overview and Level Annotations

Branches:
Dungeon (14/15)            Temple (1/1) D:4            Lair (6/6) D:9
  Swamp (0/4) Lair:4        Snake (0/4) Lair:3        Slime (0/5) Lair:5
    Orc (0/2) D:9
 Vaults: D:13-14

Altars:
Ashenzari
Cheibriados
Dithmenos
Elyvilon
Fedhas
Gozag
Hepliaklqana
Kikubaaqudgha
Makhleb
Nemelex Xobeh
Okawaru
Qazlal
Ru
Sif Muna
Trog
Uskayaw
Vehumet
Wu Jian
Xom
Yredelemnul
Zin
The Shining One
Jiyva
Lugonu

Portals:
Trove: D:13 (give +7 demon trident)

Annotations:
Lair:2 Sonja
Lair:6 Kirke


Innate Abilities, Weirdness & Mutations

((You reflexively headbutt those who attack you in melee.))
((You have a pair of horns on your head.))


Message History

The blink frog hits you!
Unknown command.
You closely miss the water moccasin.
The water moccasin is heavily wounded.
You feel sick. You block the blink frog's attack.
The water moccasin completely misses you.
The blink frog hits you!
* * * LOW HITPOINT WARNING * * *
The blink frog completely misses you. The water moccasin bites you!
* * * LOW HITPOINT WARNING * * *
The blink frog misses you.
You feel better. The blink frog misses you. The blink frog hits you.
* * * LOW HITPOINT WARNING * * *
The water moccasin bites you.
* * * LOW HITPOINT WARNING * * *
You are poisoned.
The water moccasin poisons you! The blink frog hits you!
* * * LOW HITPOINT WARNING * * *
The blink frog hits you!!
You die...

.P..#....#..
PP.##..P###..
PP#.#..<###..
..##..†.##....
..##.....##...## .
#....##.....###
#...P###P...FP##
#.....###P..FS.#
##...P.##....§hF#
#...P.(.....#..F...#
####P.†÷............#
#.......##.##.......
.......P....##
#......
.......#...P.# #.....
P......##P.....P#
#PP#.
.......###.#....# P.#
##P.... ###....


You could see 4 blink frogs and a water moccasin.

Vanquished Creatures
  Gastronok (D:10)
  A storm dragon (D:12)
  A fire giant (D:12)
  The ghost of acidapple the Impaler, a journeyman MfGl of Qazlal (Lair:5)
  A minotaur (Gauntlet)
  A fire dragon (D:12)
  Fannar (D:10)
  An ice dragon (Lair:5)
  Harold (D:10)
  12 hydras
  2 centaur warriors (D:13)
  A thrashing horror (Gauntlet)
  An unseen horror (D:13)
  4 oklob plants (Lair:1)
  2 deep elf magi
  2 manticores
  6 ugly things
  A cyclops (D:13)
  2 black mambas
  A smoke demon (Gauntlet)
  A torpor snail (Lair:4)
  A gargoyle (D:12)
  A rime drake (Lair:2)
  A centaur skeleton (D:11)
  11 spiny frogs
  A yaktaur (D:12)
  An ancient zyme (D:7)
  2 komodo dragons
  2 guardian mummies (D:13)
  3 trolls
  A polar bear (Lair:2)
  5 slime creatures (D:13)
  Grinder (D:4)
  A bog body (Lair:4)
  16 blink frogs
  13 hippogriffs
  5 flying skulls (Gauntlet)
  A redback (D:12)
  A wraith (D:12)
  A shadow (D:11)
  5 hogs (Lair:6)
  2 wyverns
  26 yaks
  3 basilisks
  2 hungry ghosts
  A vampire mosquito (D:13)
  A soldier ant (shapeshifter) (D:12)
  2 acid dragons
  4 orc warriors
  8 water moccasins
  4 porcupines
  A swamp drake (Lair:6)
  An eye of draining (D:11)
  3 ice beasts
  7 sky beasts
  3 black bears
  A necrophage (D:7)
  5 phantoms
  9 centaurs
  4 wolves (Lair:2)
  10 ogres
  18 crocodiles
  4 big kobolds
  21 bullfrogs
  A wyvern zombie (D:7)
  5 gnoll sergeants (D:9)
  5 scorpions
  11 wights
  9 killer bees
  8 small abominations
  4 electric eels (Lair:2)
  4 howler monkeys
  8 crimson imps
  A bullfrog zombie (D:5)
  7 orc priests
  9 hounds
  A centaur zombie (D:5)
  8 orc wizards
  3 iguanas
  7 worker ants
  Ijyb (D:4)
  2 big kobold zombies (Ossuary)
  A bullfrog simulacrum (D:13)
  A hound zombie (D:10)
  2 mummies (Ossuary)
  2 worker ant zombies (D:5)
  6 gnolls
  A howler monkey skeleton (D:5)
  12 adders
  5 shadow imps
  2 white imps (Lair:5)
  2 oozes
  3 adder zombies
  4 worms
  4 dart slugs
  8 leopard geckos
  43 orcs
  8 giant cockroaches
  4 gnoll zombies (Ossuary)
  15 goblins
  7 hobgoblins
  10 jackals
  13 kobolds
  7 quokkas
  2 ball pythons
  6 bats
  3 frilled lizards
  5 goblin zombies
  A hobgoblin zombie (Ossuary)
  A leopard gecko skeleton (D:6)
  A leopard gecko zombie (D:7)
  3 orc zombies (Ossuary)
  2 quokka skeletons
  2 quokka zombies
  10 rats
  3 fungi
  19 plants
569 creatures vanquished.

Vanquished Creatures (others)
  2 cyclopes
  4 centaurs
  A giant cockroach (D:8)
  6 fungi
  3 plants
16 creatures vanquished.

Grand Total: 585 creatures vanquished

Notes
Turn   | Place    | Note
-------+----------+-------------------------------------------
     0 | D:1      | Peloso the Minotaur Fighter began the quest for the Orb.
     0 | D:1      | Reached XP level 1. HP: 19/19 MP: 0/0
   132 | D:1      | Reached XP level 2. HP: 20/27 MP: 1/1
   178 | D:1      | Reached skill level 4 in Shields
   679 | D:1      | Reached XP level 3. HP: 29/33 MP: 2/2
   882 | D:2      | Found an ornate altar of the Wu Jian Council.
   972 | D:2      | Found a bloodstained altar of Trog.
  1101 | D:2      | Reached XP level 4. HP: 40/40 MP: 3/3
  1846 | D:3      | Found a shimmering altar of Xom.
  2320 | D:4      | Noticed Ijyb
  2338 | D:4      | Killed Ijyb
  2338 | D:4      | Reached XP level 5. HP: 47/47 MP: 4/4
  2343 | D:4      | Reached skill level 1 in Dodging
  2548 | D:4      | Found a staircase to the Ecumenical Temple.
  2556 | D:4      | Reached skill level 5 in Shields
  2585 | D:4      | Reached XP level 6. HP: 46/53 MP: 5/5
  2586 | Temple   | Entered the Ecumenical Temple
  2653 | Temple   | Became a worshipper of Warmaster Okawaru
  2778 | D:4      | Found a bloodstained altar of Trog.
  2786 | D:4      | Noticed Grinder
  2793 | D:4      | Killed Grinder
  2793 | D:4      | Reached * piety under Okawaru
  2793 | D:4      | Reached skill level 5 in Long Blades
  2793 | D:4      | Reached skill level 5 in Armour
  2793 | D:4      | Reached skill level 6 in Shields
  2793 | D:4      | Reached XP level 7. HP: 41/60 MP: 6/6
  3191 | D:4      | Got a pair of transparent gloves
  3197 | D:4      | Identified the cursed +0 pair of gloves "Ummuera" {rN+
                  | Regen+ Str-4 Int+4} (You found it on level 4 of the
                  | Dungeon)
  3255 | D:5      | Entered Level 5 of the Dungeon
  3269 | D:5      | Found an opulent altar of Gozag.
  3282 | D:5      | Reached skill level 5 in Fighting
  3469 | D:5      | Found a sand-covered staircase.
  3477 | Ossuary  | Entered an ossuary
  3864 | D:5      | Reached ** piety under Okawaru
  4070 | D:5      | Reached XP level 8. HP: 70/70 MP: 7/7
  4134 | D:5      | Noticed a troll
  4146 | D:5      | Killed a troll
  4146 | D:5      | Reached skill level 7 in Shields
  5190 | D:6      | Reached skill level 8 in Shields
  5192 | D:6      | Reached *** piety under Okawaru
  5206 | D:6      | Reached XP level 9. HP: 72/78 MP: 8/8
  5598 | D:6      | Noticed a deep elf mage
  5607 | D:6      | Killed a deep elf mage
  5607 | D:6      | Reached **** piety under Okawaru
  5607 | D:6      | Reached skill level 9 in Shields
  5651 | D:6      | Reached skill level 10 in Long Blades
  5651 | D:6      | Reached skill level 1 in Stealth
  5927 | D:6      | Reached skill level 10 in Shields
  6354 | D:7      | Reached XP level 10. HP: 44/88 MP: 9/9
  6647 | D:7      | Reached ***** piety under Okawaru
  6737 | D:7      | Found a shimmering altar of Xom.
  6758 | D:7      | Reached skill level 11 in Shields
  6772 | D:7      | Noticed a purple ugly thing
  6773 | D:7      | Found a corrupted altar of Lugonu.
  6773 | D:7      | Found a transporter.
  6773 | D:7      | Noticed a green ugly thing
  6823 | D:7      | Found a transporter.
  6825 | D:7      | Noticed a brown ugly thing
  7035 | D:8      | Got a transparent war axe
  7044 | D:8      | Got a smoking falchion
  7045 | D:8      | Identified the cursed +1 falchion of Wu Jian's Envy {pain,
                  | Int+7 Dex-4 SInv Stlth+} (You found it on level 8 of the
                  | Dungeon)
  7049 | D:8      | Identified the +6 war axe of Duty {chop, MR+ MP+9 Int+7
                  | Stlth-} (You found it on level 8 of the Dungeon)
  7136 | D:8      | Found a white marble altar of Elyvilon.
  7471 | D:9      | Reached skill level 12 in Shields
  7522 | D:9      | Found a hide-covered altar of Uskayaw.
  7684 | D:9      | Found a staircase to the Lair.
  7700 | D:9      | Received a gift from Okawaru
  7735 | D:9      | Found a staircase to the Orcish Mines.
  8178 | D:10     | Entered Level 10 of the Dungeon
  8301 | D:10     | Reached skill level 13 in Shields
  8789 | D:10     | Noticed Fannar
  8822 | D:10     | Killed Fannar
  9082 | D:10     | Reached XP level 11. HP: 81/95 MP: 10/10
  9112 | D:10     | Found a burning altar of Makhleb.
  9195 | D:10     | Reached skill level 14 in Shields
  9314 | D:10     | Noticed Gastronok
  9353 | D:10     | Killed Gastronok
  9455 | D:10     | Noticed Harold
  9472 | D:10     | Killed Harold
  9472 | D:10     | Reached skill level 15 in Shields
  9472 | D:10     | Reached skill level 1 in Invocations
  9846 | D:11     | Reached skill level 10 in Fighting
  9848 | D:11     | Noticed a red ugly thing
  9865 | D:10     | Killed a red ugly thing
  9887 | D:11     | Received a gift from Okawaru
  9937 | D:11     | Found a sacrificial altar of Ru.
 10329 | D:12     | Noticed an eight-headed hydra
 10501 | D:7      | Killed a purple ugly thing
 10510 | D:7      | Killed a brown ugly thing
 10510 | D:7      | Reached skill level 16 in Shields
 10510 | D:7      | Reached XP level 12. HP: 107/107 MP: 5/12
 10522 | D:7      | Received a gift from Okawaru
 10533 | D:7      | Got a crystal triple sword {god gift}
 10555 | D:7      | Got a scintillating wooden ring
 10557 | D:7      | Identified the ring of the Princess {rF+ Str+6 Int+4 Dex-4}
                  | (You found it on level 7 of the Dungeon)
 10634 | Lair:1   | Entered Level 1 of the Lair of Beasts
 10869 | Lair:1   | Noticed a six-headed hydra
 10878 | Lair:1   | Killed a 12-headed hydra
 11297 | Lair:1   | Reached skill level 10 in Armour
 11450 | Lair:1   | Got an encrusted mace
 11804 | Lair:1   | Identified the +7 triple sword "Qeblusut" {chaos, MR+}
                  | (Okawaru gifted it to you on level 7 of the Dungeon)
 11807 | Lair:1   | Identified the +8 mace of Gravity {crush, rPois rF- rC++
                  | Dex+4} (You found it on level 1 of the Lair of Beasts)
 11979 | Lair:2   | Noticed Sonja
 12012 | Lair:2   | Noticed a seven-headed hydra
 12013 | Lair:2   | Noticed a five-headed hydra
 12034 | Lair:2   | Killed a ten-headed hydra
 12037 | Lair:2   | Killed a seven-headed hydra
 12037 | Lair:2   | Reached skill level 17 in Shields
 12285 | Lair:2   | Received a gift from Okawaru
 12969 | Lair:3   | Found a staircase to the Snake Pit.
 12993 | Lair:3   | Reached XP level 13. HP: 103/116 MP: 13/13
 13677 | Lair:4   | Found a gate leading to a gauntlet.
 13688 | Gauntlet | Entered a Gauntlet
 13688 | Gauntlet | Found a transporter.
 13688 | Gauntlet | Found a runed translucent gate.
 13688 | Gauntlet | Found a runed translucent gate.
 13688 | Gauntlet | Found a runed translucent gate.
 13691 | Gauntlet | Found a transporter.
 13693 | Gauntlet | Found a transporter.
 13709 | Gauntlet | Found a transporter.
 13710 | Gauntlet | Found a transporter.
 13720 | Gauntlet | Found a transporter.
 13736 | Gauntlet | Found a runed translucent door.
 13737 | Gauntlet | Found a transporter.
 13738 | Gauntlet | Found a runed translucent door.
 13742 | Gauntlet | Found a transporter.
 13752 | Gauntlet | Found a transporter.
 13759 | Gauntlet | Noticed a reaper
 13762 | Gauntlet | Found a transporter.
 13785 | Gauntlet | Found a transporter.
 13785 | Gauntlet | Found a transporter.
 13787 | Gauntlet | Found a transporter.
 13789 | Gauntlet | Noticed a death ooze
 13843 | Gauntlet | Found a transporter.
 14043 | Gauntlet | Reached skill level 15 in Long Blades
 14107 | Gauntlet | Got a flickering diamond amulet
 14109 | Gauntlet | Identified the amulet "Cauge" {Spirit rF+ Int+2 Slay-6}
                  | (You found it in a Gauntlet)
 14125 | Gauntlet | Identified the +0 shield "Ebbeud" {Slay+4}
 14125 | Gauntlet | Noticed a minotaur
 14135 | Gauntlet | Killed a minotaur
 14305 | Lair:4   | Found a staircase to the Swamp.
 14489 | Lair:4   | Reached ****** piety under Okawaru
 14489 | Lair:4   | Received a gift from Okawaru
 14492 | Lair:4   | Got a spiked shield {god gift}
 14503 | Lair:4   | Identified the -5 shield of the Eternal Fruit {rC+}
                  | (Okawaru gifted it to you on level 4 of the Lair of Beasts)
 14723 | Lair:4   | Reached skill level 18 in Shields
 15569 | D:12     | Found a deep blue altar of Sif Muna.
 15746 | D:12     | Noticed a fire dragon
 15756 | D:12     | Killed a fire dragon
 15769 | D:12     | Noticed a storm dragon
 15780 | D:12     | Killed a storm dragon
 15780 | D:12     | Reached skill level 1 in Evocations
 15888 | D:12     | Noticed a fire giant
 15896 | D:12     | Killed a fire giant
 16155 | D:12     | Found the +9 staff of Olgreb {rPois}
 16485 | D:13     | Received a gift from Okawaru
 16485 | D:13     | Reached XP level 14. HP: 42/127 MP: 15/15
 16840 | D:13     | Found a portal to a secret trove of treasure.
 16840 | D:13     | You are sucked into a shaft!
 16945 | D:13     | Reached skill level 19 in Shields
 17466 | Lair:5   | Found a large runed translucent door.
 17466 | Lair:5   | Found a large runed translucent door.
 17472 | Lair:5   | Noticed acidapple's ghost (journeyman MfGl)
 17660 | Lair:5   | Found a staircase to the Slime Pits.
 17661 | Lair:5   | Found a viscous altar of Jiyva.
 18220 | Lair:5   | Killed acidapple's ghost
 18255 | Lair:6   | Entered Level 6 of the Lair of Beasts
 18286 | Lair:6   | Received a gift from Okawaru
 18418 | Lair:6   | Noticed Kirke
 18453 | Lair:6   | Slain by a blink frog

Skill      XL: |  1  2  3  4  5  6  7  8  9 10 11 12 13 14 |
---------------+-------------------------------------------+-----
Shields        | 4 5 6 8 10 13 16 17 18 19 | 19.4
Armour         | 4 5 6 7 8 9 10 11 12 | 12.2
Fighting       | 4 5 6 7 8 10 11 12 13 | 13.4
Long Blades    | 3 4 5 7 9 11 12 13 14 15 16 | 16.0
Dodging        | 1 2 3 4 |  4.6
Stealth        | 1 |  1.5
Invocations    | 1 2 3 4 |  4.1
Evocations     | 1 |  1.6

Action                   |  1- 3 |  4- 6 |  7- 9 | 10-12 | 13-15 || total
-------------------------+-------+-------+-------+-------+-------++-------
Melee: Long sword        |    64 |   142 |   318 |   389 |       ||   913
       Headbutt          |    13 |    28 |    67 |   189 |   104 ||   401
       Demon blade       |       |       |       |   366 |   412 ||   778
       Unarmed           |       |       |       |       |    16 ||    16
Invok: Heroism           |       |       |     1 |     7 |    11 ||    19
       Finesse           |       |       |       |     4 |     6 ||    10
Evoke: Wand              |       |       |       |     2 |    11 ||    13
  Use: Scroll            |       |     6 |     7 |     6 |     6 ||    25
       Potion            |       |       |       |     2 |     3 ||     5
  Eat: Chunk             |       |     6 |    12 |    18 |    21 ||    57
       Ration            |       |       |       |     2 |       ||     2
Armor: Scale mail        |    20 |    67 |    29 |       |       ||   116
       Chain mail        |       |       |    45 |    23 |       ||    68
       Plate armour      |       |       |       |   144 |   102 ||   246
Dodge: Dodged            |    13 |    25 |    76 |    93 |    89 ||   296
Block: Shield            |    44 |   131 |   290 |   568 |   341 ||  1374
       Reflection        |       |     4 |     4 |    21 |    28 ||    57
       Other             |       |       |       |       |     9 ||     9
       Rpst.: Long sword |     3 |     9 |    12 |    18 |       ||    42
       Demon blade       |       |       |       |    12 |    16 ||    28
